 Seeded DCSS version 0.30-a0-779-g7971cf19c3 (webtiles) character file.

Game seed: 5430720872467839093 (custom seed)

2715 valliere the Sneak (level 9, -3/63 HPs)
             Began as an Octopode Transmuter on Feb 18, 2023.
             Was a Believer of Cheibriados.
             Shot with an arrow by a centaur (17 damage)
             ... on level 7 of the Dungeon.
             The game lasted 00:14:11 (5482 turns).

valliere the Sneak (Octopode Transmuter)            Turns: 5482, Time: 00:14:11

Health: -3/63      AC:  1    Str: 20    XL:     9   Next: 66%
Magic:  16/16      EV: 17    Int: 29    God:    Cheibriados [**....]
Gold:   877        SH:  0    Dex: 24    Spells: 8/17 levels left

rFire   + . .      SeeInvis .    m - +9 shortbow of Huriacha {freeze, Dex+8}
rCold   + . .      Faith    .    (shield currently unavailable)
rNeg    + . .      Spirit   .    (helmet restricted)
rPois   +          Reflect  .    (no amulet)
rElec   .          Harm     .    i - +6 ring of strength
rCorr   +          Rampage  .    l - ring of the Jester {rPois Will+ rCorr Int+5 Dex-2}
Will    +....                    k - ring of protection from cold
Stlth   +++++                    y - ring of positive energy
HPRegen 0.30/turn                H - ring of protection from fire
MPRegen 0.15/turn                L - +4 ring of slaying
                                 (no ring)
                                 (no ring)

@: studying Fighting, very slow
A: almost no armour, amphibious, 8 rings, camouflage 1, gelatinous body 1,
(nimble swimmer 1), tentacles, passive freeze
a: Renounce Religion, Bend Time


You were on level 7 of the Dungeon.
You worshipped Cheibriados.
Cheibriados was pleased with you.
You visited 2 branches of the dungeon, and saw 8 of its levels.

You collected 877 gold pieces.

Inventory:

Hand Weapons
 m - the +9 shortbow of Huriacha (weapon) {freeze, Dex+8}
   (You acquired it on level 2 of the Dungeon)

   Dex:       It affects your dexterity (+8).
Missiles
 t - a throwing net
Jewellery
 i - a +6 ring of strength (left tentacle)
 k - a ring of protection from cold (on tentacle)
 l - the ring of the Jester (right tentacle) {rPois Will+ rCorr Int+5 Dex-2}
   (You acquired it on level 2 of the Dungeon)

   [ring of willpower]

   Int:       It affects your intelligence (+5).
   Dex:       It affects your dexterity (-2).
   rPois:     It protects you from poison.
   rCorr:     It protects you from acid and corrosion.
   Will:      It increases your willpower.
 y - a ring of positive energy (on tentacle)
 H - a ring of protection from fire (on tentacle)
 L - a +4 ring of slaying (on tentacle)
Wands
 q - a wand of mindburst (22)
 x - a wand of roots (4)
 D - a wand of quicksilver (2)
 I - a wand of flame (12)
Scrolls
 b - 3 scrolls of teleportation {unknown}
 d - 3 scrolls of amnesia {unknown}
 f - 3 scrolls of noise {unknown}
 g - 2 scrolls of torment {unknown}
 h - 5 scrolls of identify {unknown}
 j - a scroll of brand weapon {unknown}
 n - 2 scrolls of immolation {unknown}
 o - a scroll of fog {unknown}
 p - 3 scrolls of enchant armour {unknown}
 u - a scroll of silence {unknown}
 w - a scroll of poison {unknown}
 z - a scroll of butterflies {unknown}
 A - 2 scrolls of blinking {unknown}
 B - 2 scrolls of magic mapping {unknown}
 G - a scroll of enchant weapon {unknown}
 K - a scroll of fear {unknown}
Potions
 a - 3 potions of lignification
 c - 3 potions of attraction {unknown}
 e - 6 potions of curing
 r - a potion of ambrosia {unknown}
 s - a potion of degeneration {unknown}
 v - 3 potions of berserk rage
 C - a potion of magic {unknown}
 E - 2 potions of resistance {unknown}
 F - a potion of brilliance {unknown}
 J - a potion of might {unknown}


   Skills:
 + Level 6.4 Fighting
 + Level 4.1 Ranged Weapons
 + Level 4.9 Dodging
 + Level 6.4 Stealth
 * Level 5.8 Unarmed Combat
 + Level 4.7 Spellcasting
 * Level 5.4 Transmutations
 + Level 1.4 Air Magic
 + Level 1.5 Earth Magic


You had 8 spell levels left.
You knew the following spells:

 Your Spells              Type           Power      Damage    Failure   Level
a - Beastly Appendage     Tmut           76%        N/A       1%          1
b - Ice Form              Ice/Tmut       22%        N/A       22%         4
c - Petrify               Tmut/Erth      27%        N/A       16%         4

Your spell library contained the following spells:

 Spells                   Type           Power      Damage    Failure   Level
 Wereblood                Tmut           38%        N/A       1%          2
 Slow                     Hex            24%        N/A       6%          1
 Spider Form              Tmut/Pois      22%        N/A       6%          3
 Static Discharge         Conj/Air       22%        2-3/arc   8%          2
 Blink                    Tloc           12%        N/A       10%         2
 Sublimation of Blood     Necr           6%         N/A       10%         2
 Vhi's Electric Charge    Tloc/Air       22%        N/A       14%         3
 Confusing Touch          Hex            6%         N/A       19%         3
 Inner Flame              Hex/Fire       6%         N/A       19%         3
 Vampiric Draining        Necr           6%         2d6       19%         3
 Irradiate                Conj/Tmut      11%        3d15      52%         5
 Flame Wave               Conj/Fire      6%         2d5       54%         4
 Manifold Assault         Tloc           6%         N/A       54%         4
 Sticky Flame             Conj/Fire      6%         2d3       54%         4
 Arcjolt                  Conj/Air       5%         1d15      80%         5
 Lightning Bolt           Conj/Air       5%         1d17      80%         5
 Storm Form               Tmut/Air       13%        N/A       100%        7


Dungeon Overview and Level Annotations

Branches:
Dungeon (7/15)             Temple (1/1) D:4

Altars:
Ashenzari
Cheibriados
Dithmenos
Elyvilon
Fedhas
Gozag
Hepliaklqana
Kikubaaqudgha
Makhleb
Nemelex Xobeh
Okawaru
Ru
Sif Muna
Uskayaw
Vehumet
Wu Jian
Xom
Yredelemnul
Zin
The Shining One

Shops:
D:2 ?

Annotations:
D:2 exclusion: necrophage
D:4 1 runed translucent door, Esekla's ghost, novice OpDe


Innate Abilities, Weirdness & Mutations

You cannot wear most types of armour.
You are amphibious.
You can wear up to eight rings at the same time.
Your skin changes colour to match your surroundings (Stealth+).
Your rubbery body absorbs attacks. (AC +1, EV +1)
((You are camouflaged when in or above water. (Stealth+)))
You have tentacles for arms and can constrict up to eight enemies at once.
A frigid envelope surrounds you and freezes all who hurt you.


Message History

The crimson imp blinks!
You shoot an arrow. The arrow hits the crimson imp!!
The arrow freezes the crimson imp.
You kill the crimson imp!
Cheibriados appreciates the change of pace.
No target in view!
You now have 877 gold pieces (gained 13).
A bullfrog comes into view.
You shoot an arrow. The arrow hits the bullfrog!
The arrow freezes the bullfrog.
The bullfrog gives a loud, deep croak!
The bullfrog is severely wounded.
A centaur comes into view.
You shoot an arrow. The centaur shouts!
The arrow hits the bullfrog!
The arrow freezes the bullfrog.
You kill the bullfrog!
Cheibriados thoroughly appreciates the change of pace.
Cheibriados raises the support of your attributes as your movement slows.
The centaur wields a +2 heavy shortbow.
The centaur shoots an arrow.
The arrow closely misses you.
A necrophage comes into view.
You shoot an arrow. The arrow closely misses the centaur.
The arrow hits the necrophage!
The arrow freezes the necrophage.
The necrophage is severely damaged.
The centaur shoots an arrow.
The arrow barely misses you.
You shoot an arrow.
The arrow closely misses the necrophage.
The centaur shoots an arrow.
The arrow hits you!
You shoot an arrow. The arrow hits the necrophage!
The arrow freezes the necrophage.
You destroy the necrophage!
Cheibriados appreciates the change of pace.
The centaur shoots an arrow.
The arrow hits you!
You shoot an arrow. The arrow hits the centaur!
The arrow freezes the centaur.
The centaur is heavily wounded.
The centaur shoots an arrow.
The arrow hits you!!
* * * LOW HITPOINT WARNING * * *
The centaur shoots an arrow.
The arrow hits you!
You die...

...# #..... ..
.c.##.... ...
#.......##...
##.†..........
.............
#######.........#
##.....###.....# #.
#..≈≈≈...##@..##...
#.≈≈§≈§...........~
#).≈§≈§..##...##...
##.....###.....###.
#######.........#
...........#......
.....#..#..)......
.......<.....)..).
..............#)..


You could see a centaur.

Vanquished Creatures
  A two-headed ogre (D:6)
  2 water moccasins (D:6)
  Duvessa (D:5)
  2 ice beasts
  Blork the orc (D:4)
  A bullfrog (D:7)
  2 gnoll sergeants
  3 scorpions
  3 necrophages
  Dowan (D:5)
  A wight (D:6)
  A crimson imp (D:7)
  A gnoll bouda (D:6)
  2 orc priests
  4 hounds
  A jelly (D:6)
  3 iguanas
  7 orc wizards
  9 adders
  19 gnolls
  A shadow imp (D:6)
  3 white imps
  An ufetubus (D:5)
  3 worms (D:4)
  A dart slug (D:4)
  14 orcs
  3 bats
  8 endoplasms
  3 giant cockroaches
  7 hobgoblins
  7 jackals
  6 kobolds
  5 quokkas
  8 ball pythons
  A frilled lizard (D:3)
  4 goblins
  3 rats
143 creatures vanquished.

Notes
Turn   | Place    | Note
-------+----------+-------------------------------------------
     0 | D:1      | valliere the Octopode Transmuter began the quest for the
                  | Orb.
     0 | D:1      | Reached XP level 1. HP: 13/13 MP: 3/3
    53 | D:1      | Gained mutation: A frigid envelope surrounds you and
                  | freezes all who hurt you. [potion of mutation]
   135 | D:1      | Reached XP level 2. HP: 18/18 MP: 3/5
   969 | D:1      | Reached XP level 3. HP: 23/23 MP: 6/6
  1094 | D:2      | Reached skill level 1 in Stealth
  1099 | D:2      | Identified 3 scrolls of acquirement
  1099 | D:2      | Acquired the ring of the Jester {rPois Will+ rCorr Int+5
                  | Dex-2}
  1102 | D:2      | Acquired the +9 shortbow of Huriacha {freeze, Dex+8}
  1105 | D:2      | Acquired a book of Alchemy
  1264 | D:2      | Noticed a necrophage
  1342 | D:2      | Found Doddoiw's Magic Scroll Shoppe.
  1494 | D:2      | Reached XP level 4. HP: 29/29 MP: 7/7
  1657 | D:2      | Acquired 654 gold pieces
  1671 | D:3      | Reached skill level 1 in Ranged Weapons
  1671 | D:3      | Reached XP level 5. HP: 21/34 MP: 8/8
  1747 | D:3      | Identified the +3 short sword of the Manifold Quests
                  | {flame, rElec Int+5}
  1918 | D:3      | Found an iron altar of Okawaru.
  2055 | D:3      | Found a faded altar of an unknown god.
  2248 | D:3      | Identified the +2 robe of Binutifa {rPois Dex+5}
  2421 | D:4      | Reached XP level 6. HP: 40/40 MP: 10/10
  2658 | D:4      | Found a runed translucent door.
  2659 | D:4      | Found a staircase to the Ecumenical Temple.
  2668 | Temple   | Entered the Ecumenical Temple
  2874 | Temple   | Became a worshipper of Cheibriados the Contemplative
  2907 | D:4      | Noticed Esekla's ghost (novice OpDe)
  3040 | D:4      | Noticed Blork the orc
  3045 | D:4      | Killed Blork the orc
  3046 | D:4      | Reached XP level 7. HP: 27/45 MP: 11/11
  3500 | D:5      | Entered Level 5 of the Dungeon
  3501 | D:5      | Noticed a two-headed ogre
  3625 | D:5      | Noticed Dowan
  3626 | D:5      | Noticed Duvessa
  3628 | D:5      | Killed Dowan
  3633 | D:5      | Killed Duvessa
  3746 | D:5      | Reached * piety under Cheibriados
  3873 | D:5      | Reached XP level 8. HP: 47/54 MP: 13/13
  4255 | D:6      | Reached skill level 5 in Stealth
  4333 | D:6      | Noticed a two-headed ogre
  4356 | D:6      | Killed a two-headed ogre
  4357 | D:6      | Reached skill level 5 in Fighting
  4357 | D:6      | Reached skill level 5 in Unarmed Combat
  4357 | D:6      | Reached XP level 9. HP: 61/61 MP: 13/15
  4362 | D:6      | Learned a level 4 spell: Ice Form
  4367 | D:6      | Learned a level 4 spell: Petrify
  4725 | D:6      | Found a broken altar of Ashenzari.
  4764 | D:6      | Found an opulent altar of Gozag.
  4947 | D:6      | Reached skill level 1 in Earth Magic
  4976 | D:6      | Reached ** piety under Cheibriados
  5002 | D:6      | Found a white marble altar of Elyvilon.
  5002 | D:6      | Found an ancient bone altar of Kikubaaqudgha.
  5007 | D:6      | Reached skill level 5 in Transmutations
  5008 | D:6      | Found a blossoming altar of Fedhas.
  5008 | D:6      | Found a burning altar of Makhleb.
  5298 | D:6      | Reached skill level 1 in Air Magic
  5482 | D:7      | Shot with an arrow by a centaur

Illustrated notes

Levels and vault maps discovered:
D:1:      dpeg_arrival_boxes_within_box, layout_basic
D:2:      layout_loops_ring, serial_shops, shop, nicolae_kite_square_tiling_tiny
D:3:      layout_rooms, okawaru_metal_pillars_3, ebering_ecumenical_altar_rust
D:4:      layout_basic, minmay_temple_entry_overgrown, ebering_ghost_sewer_d,
          minmay_manual_monstrance, uniq_blork_the_orc
D:5:      layout_basic, uniq_duvessa
D:6:      layout_gridville, mainiacjoe_overflow_tiny_flanked,
          grunt_temple_overflow_open, cheibrodos_ashenzari_chains, minivault_5,
          minmay_pentangle
D:7:      layout_cave_pools, minmay_fire_ice_demons
Temple:   oiseaux_autumnal_temple

Skill      XL: |  1  2  3  4  5  6  7  8  9 |
---------------+----------------------------+-----
Stealth        | 1 2 3 4 5 6 |  6.4
Fighting       | 2 4 5 6 |  6.4
Ranged Weapons | 1 2 3 4 |  4.1
Dodging        | 3 4 |  4.9
Transmutations | 3 4 5 |  5.4
Spellcasting   | 3 4 |  4.7
Unarmed Combat | 4 5 |  5.8
Earth Magic    | 1 |  1.5
Air Magic      | 1 |  1.4

Action                     |  1- 3 |  4- 6 |  7- 9 || total
---------------------------+-------+-------+-------++-------
  Melee: Unarmed           |    31 |       |    18 ||    49
         Tentacles         |     7 |       |       ||     7
         Constrict         |     8 |       |       ||     8
         Kick              |     9 |       |       ||     9
         Punch             |     1 |       |       ||     1
   Fire: Shortbow          |    11 |    93 |   146 ||   250
   Cast: Beastly Appendage |    11 |     1 |       ||    12
         Ice Form          |       |       |     3 ||     3
  Evoke: Wand              |       |       |     1 ||     1
    Use: Potion            |     1 |       |       ||     1
         Scroll            |     3 |     1 |       ||     4
   Stab: Sleeping          |     3 |       |       ||     3
 Armour: Skin              |     3 |       |     5 ||     8
  Dodge: Dodged            |    14 |    13 |    40 ||    67

Table legend: (Time is in decaauts)
 A = Elapsed time spent in this place.
 B = Non-inter-level travel time spent in this place.
 C = Inter-level travel time spent in this place.
 D = Time resting spent in this place.
 E = Time spent auto-exploring this place.
 F = Levels seen in this place.
 G = Mean time per level.
                   A        B        C        D        E       F      G
               +--------+--------+--------+--------+--------+-----+--------+
         Total |   6265 |   5958 |    307 |    129 |   4907 |   8 |  783.1 |
       Dungeon |   6040 |   5751 |    289 |    129 |   4730 |   7 |  862.9 |
        Temple |    225 |    208 |     17 |      0 |    177 |   1 |  225.0 |
               +--------+--------+--------+--------+--------+-----+--------+

Top non-repeatable levels by time:
     D:6: 1655 daAuts
     D:4: 1222 daAuts
     D:1: 1077 daAuts
     D:5: 781 daAuts
     D:3: 647 daAuts
     D:2: 585 daAuts
  Temple: 225 daAuts
     D:7: 70 daAuts
